 Dungeon Crawl Stone Soup version 0.29-a0-323-g050149af67 (webtiles) character file.

Game seed: 2111799040861918306

74 Jortsu the Vandal (level 4, 0/42 HPs)
             Began as a Troll Hunter on Apr 11, 2022.
             Was a Follower of Qazlal.
             Slain by a goblin
             ... wielding a +0 club
              (3 damage)
             ... on level 2 of the Dungeon.
             The game lasted 00:01:38 (610 turns).

Jortsu the Vandal (Troll Hunter)                     Turns: 610, Time: 00:01:40

Health: 0/42       AC:  4    Str: 19    XL:     4   Next: 10%
Magic:  3/3        EV: 10    Int:  5    God:    Qazlal [*.....]
Gold:   75         SH:  2    Dex: 15    Spells: 3/3 levels left

rFire   . . .      SeeInvis .     - Unarmed
rCold   . . .      Faith    .   (no shield)
rNeg    . . .      Spirit   .   b - +0 robe
rPois   .          Reflect  .   (helmet restricted)
rElec   .          Harm     .   (no cloak)
rCorr   .          Rampage  .   (gloves unavailable)
Will    .....                   (boots unavailable)
Stlth   +.........              (no amulet)
HPRegen 0.94/turn               (no ring)
MPRegen 0.08/turn               (no ring)

@: no status effects
A: large, unfitting armour, claws 3, regeneration 1, shaggy fur 1, tough skin 1
a: Renounce Religion


You were on level 2 of the Dungeon.
You worshipped Qazlal.
Qazlal was aware of your devotion.
You visited 1 branch of the dungeon, and saw 2 of its levels.

You collected 75 gold pieces.

Inventory:

Hand Weapons
 a - a +1 hunting sling
Armour
 b - a +0 robe (worn)
Jewellery
 f - a ring of wizardry
Scrolls
 c - a scroll of immolation
 g - a scroll of amnesia {unknown}
Potions
 d - 2 potions of heal wounds {unknown}
 e - a potion of degeneration {unknown}


   Skills:
 + Level 2.1 Fighting
 + Level 3.2 Slings
 + Level 2.0 Dodging
 + Level 0.5 Stealth
 + Level 1.3 Unarmed Combat


You had 3 spell levels left.
You didn't know any spells.
Your spell library was empty.

Dungeon Overview and Level Annotations

Branches:
Dungeon (2/15)

Altars:
Qazlal


Innate Abilities, Weirdness & Mutations

You are too large for most types of armour.
You have claws for hands.
Your natural rate of healing is unusually fast.
You are covered in fur. (AC +1)
You have tough skin. (AC +1)


Message History

The goblin throws a poisoned dart.
The poisoned dart hits you!
You are poisoned.
The quokka closely misses you.
You feel sick. The quokka bites you.
* * * LOW HITPOINT WARNING * * *
The goblin throws a poisoned dart.
The poisoned dart closely misses you. The quokka attacks as you move away!
The quokka barely misses you.
You feel sick.
A ball python comes into view.
You feel sick.
The ball python hisses angrily.
The quokka bites you but does no damage.
You closely miss the quokka.
You feel sick. The quokka closely misses you.
The ball python attacks as you move away!
The ball python barely misses you.
You feel sick. The goblin misses you. The quokka bites you.
* * * LOW HITPOINT WARNING * * *
The goblin attacks as you move away! The goblin completely misses you.
You feel sick.
You feel sick.
You are no longer poisoned.
You block the quokka's attack.
You barely miss the quokka. You block the quokka's attack.
You barely miss the quokka.
The quokka bites you but does no damage.
You barely miss the quokka. The quokka bites you.
* * * LOW HITPOINT WARNING * * *
You claw the quokka!
You kill the quokka!
Qazlal accepts your kill.
The goblin throws a poisoned dart.
The poisoned dart barely misses you. The hobgoblin barely misses you.
The goblin hits you with a +0 club.
* * * LOW HITPOINT WARNING * * *
You see here a quokka corpse.
You scratch the goblin.
The goblin is moderately wounded.
The hobgoblin hits you.
* * * LOW HITPOINT WARNING * * *
The goblin hits you with a +0 club.
You die...

......# #.# .# # .....g# #.# .# #
......# #g# .# # ......#####.# .#
# .#.##...).).######.###.# #
..(.....##.ggg..g......# #
....###.######.#g####### # ....
#.## #.#ggg# # ... #..# ##.#@#.#
# .#######.# #..#.#.# #
.......†.# #.##.#.# .#######.#
#.##.#.## #.####.##....### ##
#.##...........#
...###......##....#.#
#.............#.##.###########
..............##.#.##............


You could see 2 gnolls, 2 hobgoblins and a goblin.

Vanquished Creatures
  2 adders (D:2)
  2 gnolls (D:2)
  A dart slug (D:1)
  3 bats
  2 endoplasms (D:2)
  2 giant cockroaches (D:1)
  3 goblins
  2 hobgoblins (D:1)
  3 jackals (D:2)
  3 kobolds
  2 quokkas
  5 ball pythons
  A frilled lizard (D:1)
  5 rats
36 creatures vanquished.

Notes
Turn   | Place    | Note
-------+----------+-------------------------------------------
     0 | D:1      | Jortsu the Troll Hunter began the quest for the Orb.
     0 | D:1      | Reached XP level 1. HP: 19/19 MP: 0/0
    90 | D:1      | Reached XP level 2. HP: 27/28 MP: 1/1
   130 | D:1      | Reached skill level 3 in Slings
   335 | D:1      | You fall into a shaft and drop 1 floor!
   371 | D:2      | Found a faded altar of an unknown god.
   402 | D:2      | Prayed at the altar of an unknown god.
   402 | D:2      | Became a worshipper of Qazlal Stormbringer
   402 | D:2      | Reached * piety under Qazlal
   435 | D:2      | Reached XP level 3. HP: 29/35 MP: 2/2
   440 | D:2      | Reached skill level 1 in Unarmed Combat
   584 | D:2      | HP: 1/35 [gnoll/+0 spear (7)]
   596 | D:2      | Reached XP level 4. HP: 6/42 MP: 3/3
   610 | D:2      | Slain by a goblin

Illustrated notes

Levels and vault maps discovered:
D:1:      psy_arrival_basics, layout_loops_ring, minmay_surrounded
D:2:      layout_loops_ring, hellmonk_ecumenical_altar_pennies_from_heaven,
          bh_walls_and_bars

Skill      XL: |  1  2  3 |
---------------+----------+-----
Slings         | 3 |  3.2
Unarmed Combat | 1 |  1.3
Dodging        | 2 |  2.0
Fighting       | 2 |  2.1
Stealth        | |  0.5

Action                   |  1- 3 |  4- 6 || total
-------------------------+-------+-------++-------
Melee: Unarmed           |    96 |     6 ||   102
       Punch             |     2 |       ||     2
 Stab: Sleeping          |     2 |       ||     2
Armor: Robe              |    41 |     2 ||    43
Dodge: Dodged            |    65 |     9 ||    74
Block: Other             |     4 |     2 ||     6

Table legend: (Time is in decaauts)
 A = Elapsed time spent in this place.
 B = Non-inter-level travel time spent in this place.
 C = Inter-level travel time spent in this place.
 D = Time resting spent in this place.
 E = Time spent auto-exploring this place.
 F = Levels seen in this place.
 G = Mean time per level.
                   A        B        C        D        E       F      G
               +--------+--------+--------+--------+--------+-----+--------+
         Total |    610 |    610 |      0 |      2 |    339 |   2 |  305.0 |
       Dungeon |    610 |    610 |      0 |      2 |    339 |   2 |  305.0 |
               +--------+--------+--------+--------+--------+-----+--------+

Top non-repeatable levels by time:
     D:1: 334 daAuts
     D:2: 276 daAuts
